 Dungeon Crawl Stone Soup version 0.19.1 (webtiles) character file.

303 Peloso the Covered (level 6, 0/48 HPs)
             Began as a Demonspawn Fighter on Dec 23, 2016.
             Slain by solomon12318's ghost (8 damage)
             ... on level 4 of the Dungeon.
             The game lasted 00:06:19 (2522 turns).

Peloso the Covered (Demonspawn Fighter)             Turns: 2522, Time: 00:06:19

Health: 0/48       AC: 14    Str: 23    XL:     6   Next: 15%
Magic:  6/6        EV:  6    Int: 10    God:
Gold:   130        SH: 10    Dex: 12    Spells: 0 memorised, 5 levels left

rFire  . . .     SeeInvis .     a - +0 long sword
rCold  . . .     Gourm    .     r - +0 plate armour
rNeg   . . .     Faith    .     c - +0 shield
rPois  .         Spirit   .     (no helmet)
rElec  .         Reflect  .     k - +1 cloak
rCorr  .         Harm     .     (no gloves)
MR     .....                    (no boots)
Stlth  ..........               (no amulet)
                                (no ring)
                                l - +1 ring of protection

@: mighty
A: repulsion field 1, powered by pain 1, rot immunity
a: no special abilities


You were on level 4 of the Dungeon.
You were not hungry.

You visited 1 branch of the dungeon, and saw 4 of its levels.

You collected 130 gold pieces.

Inventory:

Hand Weapons
 a - a +0 long sword (weapon)
 h - a +0 short sword of venom
 u - a +0 dagger of flaming
 y - a cursed -1 war axe
Armour
 b - a +0 scale mail
 c - a +0 shield (worn)
 k - a +1 cloak (worn)
 r - a +0 plate armour (worn)
Jewellery
 l - a +1 ring of protection (left hand)
 v - a cursed ring of loudness {unknown}
 x - an uncursed amulet of guardian spirit {unknown}
Scrolls
 g - 2 scrolls of fog {unknown}
 i - 2 scrolls of identify {unknown}
 q - 2 scrolls of teleportation {unknown}
 A - a scroll of remove curse
Potions
 d - 2 potions of might
 e - 2 potions of heal wounds {unknown}
 n - 2 potions of curing {unknown}
 p - a potion of brilliance {unknown}
 s - 2 potions of cancellation {unknown}
 w - a potion of degeneration {unknown}
 z - a potion of agility {unknown}
Comestibles
 f - 3 bread rations
 j - 2 royal jellies
 m - 2 beef jerkies
 o - a meat ration
 t - 5 fruits
 B - 2 chunks of flesh


   Skills:
 + Level 3.7 Fighting
 + Level 3.7 Long Blades
 + Level 3.8 Armour
 + Level 1.0 Dodging
 + Level 3.8 Shields


You had 5 spell levels left.
You didn't know any spells.

Dungeon Overview and Level Annotations

Branches:
Dungeon (4/15)
 Temple: D:4-7

Altars:
Qazlal

Annotations:
D:4 Sigmund; solomon12318's ghost, amateur HuFi


Innate Abilities, Weirdness & Mutations

You are surrounded by a mild repulsion field. (EV +2)
You sometimes gain a little power by taking damage.
You are immune to rotting.


Message History

Reactivating autopickup.
Sigmund closely misses you.
Solomon12318's ghost hits you but does no damage.
You barely miss Sigmund.
Sigmund is moderately wounded.
Solomon12318's ghost hits you but does no damage.
Sigmund gestures wildly while chanting.
Sigmund flickers and vanishes!
Deactivating autopickup; reactivate with Ctrl-A.
Solomon12318's ghost hits you but does no damage.
You closely miss something. Something hits you but does no damage.
Solomon12318's ghost hits you!
* * * LOW HITPOINT WARNING * * *
You closely miss something.
You feel less confused. Something hits you.
* * * LOW HITPOINT WARNING * * *
Solomon12318's ghost hits you but does no damage.
You miss something. Solomon12318's ghost hits you!
You die...

############+###...
...........................#
...........................#
...........................#
...........................#
...........................#
.......{........W..........#
................@{.........#
######'############'######
#....................#
#....................#
#....................#
##.....##+########+###
##......##. ...........
............


You could see solomon12318's ghost.

Vanquished Creatures
  Blork the orc (D:4)
  A howler monkey (D:4)
  A hound (D:4)
  An orc wizard (D:3)
  6 adders
  A howler monkey skeleton (D:4)
  2 worms (D:2)
  A dart slug (D:1)
  6 orcs (D:3)
  A giant cockroach (D:1)
  7 goblins
  7 hobgoblins
  4 jackals (D:1)
  11 kobolds
  2 quokkas (D:2)
  3 ball pythons
  9 bats
  3 frilled lizards
  5 rats
72 creatures vanquished.

Notes
Turn   | Place    | Note
-------+----------+-------------------------------------------
     0 | D:1      | Peloso the Demonspawn Fighter began the quest for the Orb.
     0 | D:1      | Reached XP level 1. HP: 18/18 MP: 1/1
   167 | D:1      | Gained mutation: You are surrounded by a mild repulsion field. (EV +2) [demonic ancestry]
   167 | D:1      | Reached XP level 2. HP: 21/24 MP: 2/2
   406 | D:1      | Gained mutation: You are immune to rotting. [demonic ancestry]
   406 | D:1      | Reached XP level 3. HP: 26/29 MP: 3/3
  1063 | D:2      | Reached XP level 4. HP: 10/35 MP: 4/4
  1435 | D:3      | Found a stormy altar of Qazlal.
  1480 | D:3      | Reached skill level 1 in Dodging
  1987 | D:3      | Gained mutation: You sometimes gain a little power by taking damage. [demonic ancestry]
  1987 | D:3      | Reached XP level 5. HP: 29/41 MP: 5/5
  2373 | D:4      | Noticed Blork the orc
  2385 | D:4      | Killed Blork the orc
  2424 | D:4      | Reached XP level 6. HP: 37/47 MP: 6/6
  2478 | D:4      | Noticed Sigmund
  2499 | D:4      | Noticed solomon12318's ghost (amateur HuFi)
  2522 | D:4      | Slain by solomon12318's ghost

Skill      XL: |  1  2  3  4 |
---------------+-------------+-----
Long Blades    | 2 3 |  3.7
Armour         | 3 |  3.8
Shields        | 3 |  3.8
Dodging        | 1 |  1.0
Fighting       | |  3.7

Action                   |  1- 3 |  4- 6 || total
-------------------------+-------+-------++-------
Melee: Long sword        |   170 |   182 ||   352
  Use: Scroll            |     2 |       ||     2
       Potion            |       |     1 ||     1
  Eat: Chunk             |     1 |     5 ||     6
Armor: Scale mail        |    75 |       ||    75
       Plate armour      |    28 |   141 ||   169
Dodge: Dodged            |    57 |    31 ||    88
Block: Shield            |   102 |   102 ||   204
       Rpst.: Long sword |    23 |    11 ||    34
